 Dungeon Crawl Stone Soup version 0.30-a0-576-g89cddaab80 (webtiles) character file.

Game seed: 10984912241974719571

1980 bande the Chopper (level 9, 0/55 HPs)
             Began as a Gargoyle Fighter on Dec 31, 2022.
             Slain by an orc wizard
             ... wielding a +0 dagger
              (1 damage)
             ... on level 8 of the Dungeon.
             The game lasted 00:08:05 (4207 turns).

bande the Chopper (Gargoyle Fighter)                Turns: 4207, Time: 00:08:06

Health: 0/55       AC: 15    Str: 27    XL:     9   Next: 20%
Magic:  9/9        EV:  6    Int:  8    God:
Gold:   204        SH: 14    Dex: 13    Spells: 8/8 levels left

rFire   . . .      SeeInvis +    a - +1 war axe
rCold   . . .      Faith    .    o - +0 tower shield
rNeg    + . .      Spirit   .    b - +0 scale mail
rPois   ∞          Reflect  .    (no helmet)
rElec   +          Harm     .    n - +0 cloak
rCorr   .          Rampage  .    (no gloves)
Will    .....                    (no boots) Stlth
                                 (no amulet)
HPRegen 0.29/turn                h - +6 ring of strength
MPRegen 0.11/turn                i - ring of see invisible

@: no status effects
A: sickness immunity, AC +6, negative energy resistance 1, electricity
resistance, torment resistance 1, petrification resistance
a: no special abilities


You were on level 8 of the Dungeon.
You visited 1 branch of the dungeon, and saw 6 of its levels.
You also visited: Sewer and Ossuary.

You collected 204 gold pieces.

Inventory:

Hand Weapons
 a - a +1 war axe (weapon)
 q - a +0 flail
Armour
 b - a +0 scale mail (worn)
 c - a +0 buckler
 n - a +0 cloak (worn)
 o - a +0 tower shield (worn)
Jewellery
 h - a +6 ring of strength (left hand)
 i - a ring of see invisible (right hand)
 l - a +6 ring of intelligence
Wands
 x - a wand of paralysis (4)
Scrolls
 e - 3 scrolls of enchant weapon
 k - a scroll of teleportation
 u - a scroll of fog
 y - 2 scrolls of identify
Potions
 d - 2 potions of might
 f - 2 potions of invisibility
 j - 2 potions of resistance
 m - a potion of magic
 p - 4 potions of heal wounds
 r - 4 potions of haste
 s - 4 potions of curing
 t - 4 potions of berserk rage {unknown}
 w - a potion of cancellation {unknown}


   Skills:
 + Level 5.9 Fighting
 + Level 7.9 Axes
 + Level 5.9 Armour
 - Level 0.1 Stealth
 + Level 6.5 Shields


You had 8 spell levels left.
You didn't know any spells.
Your spell library contained the following spells:

 Spells                   Type           Power      Damage    Failure   Level
 Apportation              Tloc           0%         N/A       100%        1
 Necrotise                Necr           0%         1d4       100%        1
 Summon Small Mammal      Summ           0%         N/A       100%        1
 Portal Projectile        Hex/Tloc       0%         N/A       100%        3
 Tukima's Dance           Hex            0%         N/A       100%        3
 Blade Hands              Tmut           0%         N/A       100%        5


Dungeon Overview and Level Annotations

Branches:
Dungeon (5/15)              Sewer (visited)         Ossuary (visited)
 Temple: D:4-7

Altars:
Zin

Shops:
D:3 *


Innate Abilities, Weirdness & Mutations

You are immune to sickness and miasma.
Your stone body is resilient. (AC +6)
You are immune to poison.
You resist negative energy. (rN+)
You are resistant to electric shocks. (rElec)
You are resistant to unholy torment.
You are immune to petrification.


Message History

The magic dart hits you!
* * * LOW HITPOINT WARNING * * *
You block the orc wizard's attack.
The orc wizard attacks as you move away!
The orc wizard hits you with a +0 dagger.
* * * LOW HITPOINT WARNING * * *
The orc wizard points at you and mumbles some strange words.
The puff of flame hits you!
* * * LOW HITPOINT WARNING * * *
You closely miss the orc wizard. You hit the orc wizard.
The orc wizard gestures wildly while chanting.
The orc wizard flickers and vanishes for a moment.
You block the orc wizard's attack. x2
The orc wizard hits you with a +0 dagger.
* * * LOW HITPOINT WARNING * * *
You hit the orc wizard.
The orc wizard is lightly wounded.
You hit the orc wizard but do no damage.
The orc wizard points at you and mumbles some strange words.
The magic dart hits you but does no damage.
The orc wizard hits you but does no damage.
You slash the orc wizard!
The orc wizard is almost dead.
You barely miss the orc wizard. You block the orc wizard's attack.
The orc wizard hits you but does no damage. x2
The orc wizard points at you and mumbles some strange words.
You easily resist.
You barely miss the orc wizard.
The orc wizard is lightly wounded.
You hit the orc wizard but do no damage.
The orc wizard casts a spell at you. The magic dart hits you.
* * * LOW HITPOINT WARNING * * *
The orc wizard hits you but does no damage.
You hit the orc wizard.
The orc wizard is moderately wounded.
You barely miss the orc wizard. The orc wizard barely misses you.
You block the orc wizard's attack.
The orc wizard hits you with a +0 dagger.
You die...

#....#'# #.#
####....#.. ##.#
#.......#.. #...
#.>.....#.. +...
#.......##'
#..######..........
#..##..#....##'#...
#.o.#..#....'..+...
#.@.#..#....#..#...
#
#.o###'#....#######
#...##).##.......#
#.......)'.......#
#.......)#.......#
+........#.......#
#........#.......#
#........#.......+
######+###.......#


You could see 2 orc wizards.

Vanquished Creatures
  Sigmund (D:5)
  A vampire (D:8)
  A water moccasin (D:5)
  An orc warrior (D:8)
  A black bear (D:4)
  4 kobold brigands (Sewer)
  A necrophage (D:4)
  A scorpion (D:2)
  6 water moccasin zombies (Ossuary)
  4 killer bees (D:8)
  A howler monkey (D:4)
  2 orc priests
  A hound (D:4)
  An iguana (D:5)
  2 orc wizards
  2 mummies (Ossuary)
  5 adders
  2 river rats (D:3)
  6 adder zombies (Ossuary)
  4 worms (D:3)
  3 dart slugs
  16 orcs
  4 endoplasms
  7 giant cockroaches
  5 gnoll zombies (Ossuary)
  7 goblins
  7 hobgoblins
  10 jackals
  18 kobolds
  3 quokkas
  8 ball pythons
  7 bats
  5 frilled lizards
  6 hobgoblin zombies (Ossuary)
  4 kobold zombies (Ossuary)
  3 orc zombies (Ossuary)
  8 rats
168 creatures vanquished.

Vanquished Creatures (others)
  An orc wizard (D:8)
  A fungus (D:5)
  3 plants (Sewer)
5 creatures vanquished.

Grand Total: 173 creatures vanquished

Notes
Turn   | Place    | Note
-------+----------+-------------------------------------------
     0 | D:1      | bande the Gargoyle Fighter began the quest for the Orb.
     0 | D:1      | Reached XP level 1. HP: 14/14 MP: 1/1
     2 | D:1      | Noticed a human
     2 | D:1      | Noticed a minotaur
     4 | D:1      | Noticed a draconian
     4 | D:1      | Noticed a vine stalker
     6 | D:1      | Noticed an armataur
     8 | D:1      | Noticed a formicid
     8 | D:1      | Noticed a vampire
    10 | D:1      | Noticed a demonspawn
    10 | D:1      | Noticed a ghoul
    12 | D:1      | Noticed a merfolk
    12 | D:1      | Noticed an octopode
    14 | D:1      | Noticed a demigod
    16 | D:1      | Noticed a gargoyle
    16 | D:1      | Noticed an elf
    18 | D:1      | Noticed a meteoran
    21 | D:1      | Noticed a felid
    21 | D:1      | Noticed a tengu
    23 | D:1      | Noticed a spriggan
    23 | D:1      | Noticed a naga
    25 | D:1      | Noticed an ogre
    25 | D:1      | Noticed a demigod
    28 | D:1      | Noticed a naga
    28 | D:1      | Noticed a tengu
   193 | D:1      | Reached XP level 2. HP: 18/19 MP: 2/2
   370 | D:1      | Reached skill level 2 in Axes
   384 | D:1      | Reached XP level 3. HP: 24/24 MP: 3/3
   830 | D:2      | Noticed a scorpion
   833 | D:2      | Killed a scorpion
   834 | D:2      | Reached XP level 4. HP: 29/29 MP: 4/4
   938 | D:2      | Reached skill level 3 in Axes
  1447 | D:2      | Reached XP level 5. HP: 33/33 MP: 5/5
  1604 | D:3      | Found a glowing drain.
  1610 | Sewer    | Entered a sewer
  1699 | Sewer    | Noticed a kobold brigand
  1699 | Sewer    | Noticed a kobold brigand
  1710 | Sewer    | Killed a kobold brigand
  1711 | Sewer    | Reached skill level 4 in Axes
  1711 | Sewer    | Reached XP level 6. HP: 30/39 MP: 6/6
  1817 | Sewer    | Reached XP level 7. HP: 44/44 MP: 7/7
  1977 | D:3      | Found Zin's Purification Station.
  1981 | D:3      | Found a glowing silver altar of Zin.
  2169 | D:3      | Found a faded altar of an unknown god.
  2396 | D:4      | Reached skill level 5 in Axes
  2770 | D:4      | Reached skill level 5 in Fighting
  3103 | D:4      | Reached skill level 5 in Shields
  3215 | D:5      | Entered Level 5 of the Dungeon
  3250 | D:5      | Noticed Sigmund
  3269 | D:5      | Killed Sigmund
  3270 | D:5      | Reached skill level 6 in Axes
  3270 | D:5      | Reached skill level 5 in Armour
  3270 | D:5      | Reached XP level 8. HP: 20/49 MP: 8/8
  3576 | D:5      | Found a sand-covered staircase.
  3581 | Ossuary  | Entered an ossuary
  3740 | Ossuary  | Reached skill level 7 in Axes
  3947 | D:5      | You fall into a shaft and drop 3 floors!
  3954 | D:8      | Noticed a vampire
  3962 | D:8      | Killed a vampire
  4079 | D:8      | Reached XP level 9. HP: 39/55 MP: 9/9
  4201 | D:8      | HP: 2/55 [orc wizard/puff of flame (9)]
  4206 | D:8      | HP: 1/55 [orc wizard/magic dart (2)]
  4207 | D:8      | Slain by an orc wizard

Illustrated notes

Levels and vault maps discovered:
D:1:      kb_arrival_jail, layout_loops_ring
D:2:      layout_loops_ring
D:3:      layout_rooms, zin_purify, lightli_sewer_entry_pipes,
          ebering_ecumenical_altar_hall
D:4:      layout_basic
D:5:      layout_loops_ring, lightli_ossuary_entry_decrepit_ruins,
          kennysheep_path_1, uniq_sigmund, uniq_crazy_yiuf_cottage, uniq_grinder
D:8:      layout_gridville

Skill      XL: |  1  2  3  4  5  6  7  8 |
---------------+-------------------------+-----
Axes           | 2 3 4 6 7 |  7.9
Fighting       | 4 5 |  5.9
Armour         | 4 5 |  5.9
Shields        | 4 5 6 |  6.5
Stealth        | |  0.1

Action                   |  1- 3 |  4- 6 |  7- 9 || total
-------------------------+-------+-------+-------++-------
Melee: War axe           |    75 |   123 |   302 ||   500
  Use: Scroll            |       |     5 |    12 ||    17
       Potion            |       |       |     1 ||     1
Armor: Scale mail        |    43 |    68 |   170 ||   281
Dodge: Dodged            |    38 |    33 |    78 ||   149
Block: Buckler           |    17 |     3 |       ||    20
       Tower shield      |       |    89 |   237 ||   326

Table legend: (Time is in decaauts)
 A = Elapsed time spent in this place.
 B = Non-inter-level travel time spent in this place.
 C = Inter-level travel time spent in this place.
 D = Time resting spent in this place.
 E = Time spent auto-exploring this place.
 F = Levels seen in this place.
 G = Mean time per level.
                   A        B        C        D        E       F      G
               +--------+--------+--------+--------+--------+-----+--------+
         Total |   4553 |   4478 |     75 |    240 |   2826 |   8 |  569.1 |
       Dungeon |   3804 |   3729 |     75 |    240 |   2450 |   6 |  634.0 |
         Sewer |    375 |    375 |      0 |      0 |    209 |   1 |  375.0 |
       Ossuary |    373 |    373 |      0 |      0 |    166 |   1 |  373.0 |
               +--------+--------+--------+--------+--------+-----+--------+

Top non-repeatable levels by time:
     D:4: 870 daAuts
     D:1: 760 daAuts
     D:2: 745 daAuts
     D:3: 708 daAuts
     D:5: 440 daAuts
   Sewer: 375 daAuts
 Ossuary: 373 daAuts
     D:8: 278 daAuts
